Map: Abyssal Reef LE

Players

GAMETIME

  • Race: Zerg Zerg
  • Spawn Location: 11:00

Semper - Winner!

  • Race: Terran Terran
  • Spawn Location: 5:00

Event: WCS Montreal 2017

VOD

Have the link to the VOD?

Description

Time

  • Played on: Sept. 8, 2017, 2:46 p.m.
  • Length: 13:03

All games in this series

Show
View Real Time Build Order
Export as new Build Order

GAMETIME Zerg 

Build Orders: Hatch First 

Get SALT Encoding   

  12  0:00  Drone  
  13  0:15  Overlord  
  13  0:20  Drone  
  14  0:34  Drone x2  
  16  0:40  Drone  
  17  0:55  Hatchery  
  16  0:58  Drone  
  16  1:00  Drone  
  18  1:12  Extractor  
  18  1:16  Spawning Pool  
  16  1:19  Drone  
  16  1:22  Drone  
  18  1:31  Drone  
  19  1:42  Overlord  
  19  2:02  Queen  
  19  2:03  Zergling x4  
  19  2:06  Queen  
  19  2:07  Zergling x2  
  26  2:12  Metabolic Boost  
  27  2:15  Drone  
  27  2:19  Drone  
  28  2:27  Spore Crawler  
  27  2:31  Drone x2  
  30  2:38  Drone  
  31  2:50  Hatchery  
  31  2:51  Drone  
  31  3:00  Overlord, Drone  
  31  3:01  Drone  
  31  3:04  Drone  
  33  3:07  Queen  
  35  3:14  Overlord  
  35  3:19  Drone x2  
  37  3:20  Drone  
  37  3:22  Drone  
  37  3:26  Drone x2  
  41  3:27  Drone  
  41  3:32  Overlord  
  42  3:36  Drone  
  42  3:37  Drone  
  44  3:42  Overlord  
  44  3:44  Overlord  
  44  3:53  Drone  
  44  3:54  Drone x3  
  48  3:58  Drone  
  48  3:59  Queen, Evolution Chamber  
  48  4:02  Zergling x2  
  50  4:07  Zergling x2  
  50  4:08  Spore Crawler  
  50  4:10  Zergling x2  
  50  4:13  Zergling x2  
  52  4:17  Spore Crawler  
  52  4:20  Zergling x4  
  52  4:21  Zergling x4  
  55  4:26  Overlord x2  
  55  4:27  Zergling x4  
  57  4:32  Queen  
  57  4:34  Drone  
  57  4:35  Drone  
  57  4:36  Drone  
  62  4:45  Drone x2  
  62  4:51  Zerg Ground Armor Level 1  
  62  4:52  Extractor, Drone  
  63  4:53  Baneling Nest, Drone  
  63  4:58  Drone x2  
  63  4:59  Drone  
  63  5:03  Drone x2  
  63  5:04  Drone x2  
  60  5:08  Drone  
  60  5:12  Drone x2  
  63  5:14  Drone  
  63  5:18  Drone x2  
  66  5:25  Overlord  
  66  5:26  Drone  
  66  5:27  Drone x3  
  70  5:30  Drone  
  71  5:37  Overlord  
  71  5:38  Drone x2  
  72  5:43  Lair  
  72  5:44  Extractor  
  72  5:47  Spore Crawler  
  72  5:48  Drone x2  
  70  5:50  Drone x2  
  70  5:53  Drone  
  70  5:54  Drone x3  
  70  5:56  Extractor  
  75  5:58  Drone x3  
  75  6:00  Drone  
  75  6:02  Overlord  
  78  6:05  Drone  
  78  6:06  Drone  
  79  6:13  Drone  
  79  6:15  Extractor x2  
  79  6:16  Roach Warren  
  77  6:20  Drone x7  
  84  6:31  Overlord  
  84  6:48  Drone x2  
  84  6:49  Hydralisk Den, Infestation Pit, Zerg Ground Armor Level 2  
  84  6:50  Hatchery  
  84  6:51  Drone  
  84  6:54  Evolution Chamber  
  83  6:57  Overseer  
  83  7:00  Roach x4, Overlord  
  83  7:01  Overlord x2  
  89  7:03  Drone  
  89  7:04  Drone x2  
  89  7:05  Roach  
  89  7:08  Roach x2  
  98  7:12  Roach x2  
  102  7:18  Muscular Augments, Hydralisk  
  104  7:28  Hydralisk x2  
  108  7:30  Hatchery, Hydralisk  
  108  7:32  Hydralisk  
  108  7:34  Hydralisk  
  113  7:44  Hive  
  113  7:46  Hydralisk  
  115  7:51  Hydralisk  
  115  7:54  Overlord x2  
  115  7:56  Hydralisk x2  
  121  7:59  Overlord x3  
  121  8:07  Extractor  
  121  8:12  Extractor, Zerg Missile Weapons Level 1  
  120  8:19  Roach x7  
  139  8:20  Roach x3, Overlord  
  139  8:25  Roach x2  
  139  8:26  Roach  
  145  8:29  Roach  
  145  8:30  Roach  
  145  8:34  Drone x2  
  145  8:37  Roach  
  145  8:40  Glial Reconstitution  
  147  8:44  Drone x3  
  147  8:45  Roach, Drone  
  147  8:46  Hydralisk  
  155  8:49  Ravager  
  155  8:50  Ravager  
  155  8:51  Hydralisk  
  159  8:57  Hydralisk x3  
  165  9:04  Hydralisk  
  167  9:11  Hydralisk x3  
  167  9:13  Hatchery  
  172  9:17  Hydralisk x2  
  176  9:24  Overlord x3  
  176  9:29  Zerg Ground Armor Level 3  
  173  9:45  Hydralisk x5  
  177  9:47  Overlord x2  
  183  10:16  Roach x8  
  195  10:27  Zerg Missile Weapons Level 2  
  195  10:32  Overlord  
  195  10:40  Drone x6  
  195  10:41  Drone x2  
  200  10:54  Viper x2  
  200  10:56  Viper  
  196  10:59  Ravager  
  200  11:11  Overlord  
  200  11:12  Overlord x4  
  200  11:23  Extractor  
  200  11:24  Extractor  
  198  11:29  Hydralisk  
  199  11:42  Hydralisk  
  199  11:44  Hatchery  
  198  11:52  Hatchery  
  194  12:02  Hydralisk x3  
  174  12:32  Hydralisk x6  
  174  12:33  Hydralisk x19  
  174  12:34  Hydralisk x3  
  194  12:43  Spore Crawler  
Show
View Real Time Build Order
Export as new Build Order

Semper Terran - Winner!

Build Orders: Reaper Expand, Bio Tank, Hellion Banshee 

Get SALT Encoding   

  12  0:00  SCV  
  13  0:13  SCV  
  14  0:17  Supply Depot  
  14  0:25  SCV  
  15  0:38  SCV  
  15  0:39  Barracks  
  16  0:44  Refinery  
  16  0:51  SCV  
  17  1:03  SCV  
  18  1:15  SCV  
  19  1:27  Orbital Command, Reaper  
  20  1:40  Command Center  
  20  1:52  Supply Depot, SCV  
  21  1:59  Marine  
  22  2:05  SCV  
  23  2:08  Factory  
  23  2:17  SCV, Refinery  
  23  2:21  Barracks Reactor  
  24  2:29  SCV  
  25  2:41  SCV  
  26  2:53  Orbital Command, SCV  
  26  2:56  Starport  
  26  2:58  Marine x2  
  28  3:04  Widow Mine  
  28  3:05  SCV  
  32  3:16  Marine x2  
  32  3:17  SCV  
  35  3:20  SCV  
  36  3:29  SCV  
  36  3:32  SCV  
  38  3:34  Supply Depot  
  38  3:37  Medivac  
  40  3:41  SCV  
  40  3:44  Hellion x2  
  40  3:46  SCV  
  46  3:55  SCV  
  46  3:56  Barracks Tech Lab  
  46  3:58  Supply Depot  
  46  4:00  SCV  
  48  4:06  Hellion x2  
  48  4:08  SCV  
  53  4:12  SCV  
  54  4:17  Cloaking Field  
  54  4:19  Banshee  
  54  4:20  SCV  
  54  4:21  Supply Depot  
  58  4:30  Command Center  
  58  4:31  SCV  
  58  4:34  Hellion  
  58  4:37  Supply Depot  
  61  4:42  SCV  
  61  4:43  Hellion  
  60  4:48  SCV  
  60  4:49  Marine  
  61  4:55  Hellion  
  61  5:03  Banshee  
  61  5:04  SCV  
  61  5:05  Hellion  
  61  5:06  SCV  
  62  5:10  Barracks Tech Lab  
  61  5:15  Engineering Bay  
  61  5:16  Refinery x2, Engineering Bay  
  61  5:17  SCV  
  61  5:21  SCV  
  63  5:29  SCV  
  63  5:30  Marine  
  63  5:31  Stimpack  
  63  5:32  Barracks  
  63  5:36  Barracks  
  63  5:37  Barracks  
  63  5:38  Barracks  
  63  5:39  SCV  
  63  5:40  Factory Reactor  
  63  5:42  Orbital Command  
  64  5:54  Marine  
  64  5:55  SCV  
  66  5:58  SCV  
  66  6:04  Starport Reactor  
  67  6:07  SCV  
  67  6:08  Terran Infantry Armor Level 1, Terran Infantry Weapons Level 1  
  67  6:09  SCV  
  69  6:12  Marine  
  69  6:16  SCV  
  71  6:20  Marine x2  
  71  6:22  SCV  
  71  6:23  Orbital Command  
  74  6:28  SCV  
  74  6:29  Marine  
  74  6:31  Barracks Reactor  
  74  6:32  Supply Depot x2  
  76  6:33  Supply Depot  
  76  6:34  Armory, SCV  
  76  6:35  Barracks Reactor  
  76  6:37  Marine x2  
  76  6:38  Marine x2  
  76  6:39  Siege Tank  
  84  6:40  SCV  
  84  6:46  SCV  
  86  6:47  Marine  
  86  6:49  Medivac x2  
  86  6:50  SCV  
  86  6:53  SCV  
  93  6:55  Marine x2  
  93  6:58  Marine x2, SCV  
  98  7:02  SCV  
  98  7:05  Marine, SCV  
  98  7:08  Supply Depot  
  101  7:09  Marine x2  
  101  7:11  SCV  
  101  7:13  Marine x2  
  106  7:15  Marine  
  106  7:16  Marine  
  106  7:19  SCV x2  
  106  7:20  Marine x2  
  112  7:23  Marine, SCV  
  112  7:27  Marine x2  
  116  7:31  Marine x2, SCV  
  116  7:33  Marine x2  
  116  7:36  Siege Tank  
  124  7:38  Marine  
  125  7:48  Factory  
  125  7:53  Supply Depot, Terran Vehicle Weapons Level 1  
  125  7:55  Supply Depot  
  125  7:56  Medivac, Marine x5, SCV  
  133  8:00  Refinery x2  
  133  8:06  Combat Shields  
  133  8:10  Marine  
  133  8:11  Medivac  
  133  8:14  Marine x5  
  133  8:15  Siege Tank  
  133  8:16  Marine x3  
  142  8:28  Marine  
  142  8:31  Supply Depot x2  
  142  8:32  Supply Depot x2, Marine x5  
  142  8:33  Supply Depot  
  148  8:34  Marine  
  148  8:37  Factory Tech Lab  
  149  8:41  Terran Infantry Weapons Level 2  
  149  8:52  Marine x6  
  149  8:53  Siege Tank, Marine  
  149  8:55  Terran Infantry Armor Level 2  
  159  9:03  Supply Depot  
  159  9:04  Supply Depot  
  159  9:07  Marine  
  160  9:10  Marauder  
  160  9:11  Sensor Tower  
  160  9:13  Siege Tank  
  160  9:14  Marine x3  
  168  9:27  Command Center  
  168  9:29  Siege Tank, Marine  
  172  9:32  Marauder  
  174  9:44  Marine  
  177  9:45  Siege Tank  
  177  9:49  Medivac x2  
  181  9:53  Marine x2, Marauder  
  181  9:55  Command Center  
  185  10:00  Marine  
  185  10:01  Siege Tank  
  185  10:06  Terran Vehicle Weapons Level 2  
  189  10:07  Marine x2  
  191  10:15  Marauder  
  191  10:17  Siege Tank  
  189  10:21  Marine x2  
  189  10:22  Marine x3  
  189  10:26  Medivac  
  196  10:34  Siege Tank, Marine  
  198  10:36  Marauder  
  198  10:45  Marine  
  198  10:46  Marine x3  
  198  10:49  Siege Tank  
  200  11:08  Barracks  
  200  11:09  Barracks  
  200  11:10  Barracks  
  200  11:33  Liberator x2  
  185  11:47  Marine x2  
  185  11:48  Marauder  
  185  11:49  Siege Tank  
  185  11:52  Marine x2  
  195  12:07  Marine  
  193  12:09  Marine, Marauder  
  193  12:12  Planetary Fortress  
  195  12:18  Command Center, Marine x2  
  195  12:19  Command Center  
  196  12:26  Siege Tank  
  185  12:31  Marauder  
  185  12:33  Marine x3  
  185  12:36  Marine  
  185  12:37  Marine  
  179  12:43  Marine  
  179  12:44  Marine x5  
Tags
 
Add a new tag
Caveats
  • Supply blocks, unpowered buildings, or Contaminate may cause inaccurate times.
  • Supply counts are checked every 10 seconds.